 Dungeon Crawl Stone Soup version 0.24-a0-181-gd121a6d (webtiles) character file.

Game seed: 2083178812875852217

378 robertstho the Firebug (level 6, -3/44 HPs)
             Began as a Gnoll Fire Elementalist on Mar 14, 2019.
             Killed by divine providence
             ... invoked by an orc priest
              (15 damage)
             ... on level 4 of the Dungeon.
             The game lasted 00:08:21 (3211 turns).

robertstho the Firebug (Gnoll Fire Elementalist)    Turns: 3211, Time: 00:08:22

Health: -3/44      AC:  6    Str: 16    XL:     6   Next: 74%
Magic:  6/14       EV: 14    Int: 19    God:
Gold:   108        SH:  0    Dex: 15    Spells: 5/15 levels left

rFire    . . .     SeeInvis .   g - +4 flail (protect)
rCold    . . .     Gourm    .   (no shield)
rNeg     + . .     Faith    .   e - +0 leather armour (curse)
rPois    +         Spirit   .   (no helmet)
rElec    .         Reflect  .   r - +0 cloak {rPois}
rCorr    .         Harm     .   (no gloves)
MR       .....                  (no boots)
Stlth    +++.......             (no amulet)
HPRegen  0.14/turn              b - ring of positive energy
MPRegen  0.14/turn              l - +5 ring of strength

@: no status effects
A: distributed training, fangs 1, thin metallic scales 1, wild magic 1, strong
nose
a: no special abilities


You were on level 4 of the Dungeon.
You were hungry.

You visited 1 branch of the dungeon, and saw 4 of its levels.

You collected 108 gold pieces.

Inventory:

Hand Weapons
 g - a +4 flail of protection (weapon)
 h - a +0 hand axe
 m - a +0 scythe
 o - a +0 dagger of venom
 q - a +3 quarterstaff of chaos
Armour
 a - a +0 robe
 e - a cursed +0 leather armour (worn)
 r - a +0 cloak of poison resistance (worn)
Jewellery
 b - a ring of positive energy (left hand)
 l - a +5 ring of strength (right hand)
 x - an uncursed ring of poison resistance
Wands
 u - a wand of flame (18)
Scrolls
 d - 5 scrolls of remove curse {unknown}
 i - a scroll of identify {unknown}
 j - a scroll of enchant weapon {unknown}
 k - 3 scrolls of fear {unknown}
 s - 2 scrolls of teleportation {unknown}
 w - a scroll of magic mapping {unknown}
Potions
 f - 2 potions of brilliance
 n - a potion of mutation
 p - a potion of haste {unknown}
 t - a potion of resistance {unknown}
 z - a potion of ambrosia {unknown}
 A - a potion of invisibility {unknown}
Comestibles
 c - 9 rations
 v - 8 chunks of flesh


   Skills:
 + Level 2.0 Fighting
 + Level 2.0 Short Blades
 + Level 2.0 Long Blades
 + Level 2.0 Axes
 + Level 2.0 Maces & Flails
 + Level 2.0 Polearms
 + Level 2.0 Staves
 + Level 2.0 Slings
 + Level 2.0 Bows
 + Level 2.0 Crossbows
 + Level 2.0 Throwing
 + Level 2.0 Armour
 + Level 5.0 Dodging
 + Level 4.6 Stealth
 + Level 2.0 Shields
 + Level 2.0 Unarmed Combat
 + Level 5.4 Spellcasting
 + Level 2.7 Conjurations
 + Level 1.6 Hexes
 + Level 1.6 Charms
 + Level 1.6 Summonings
 + Level 1.6 Necromancy
 + Level 1.6 Translocations
 + Level 1.6 Transmutations
 + Level 5.7 Fire Magic
 + Level 1.6 Ice Magic
 + Level 1.6 Air Magic
 + Level 1.6 Earth Magic
 + Level 1.6 Poison Magic
 + Level 2.2 Invocations
 + Level 2.0 Evocations


You had 5 spell levels left.
You knew the following spells:

 Your Spells              Type           Power        Failure   Level  Hunger
a - Flame Tongue          Conj/Fire      ####.        4%          1    None
b - Throw Flame           Conj/Fire      ####..       7%          2    None
c - Conjure Flame         Conj/Fire      ####....     12%         3    ##.....
d - Sticky Flame          Conj/Fire      ####....     34%         4    ####...

Your spell library contained the following spells:

 Spells                   Type           Power        Failure   Level  Hunger
 Inner Flame              Hex/Fire       ###.....     14%         3    ##.....
 Fireball                 Conj/Fire      ####......   67%         5    #####..


Dungeon Overview and Level Annotations

Branches:
Dungeon (4/15)
 Temple: D:4-7

Altars:

Shops:
D:4 %

Annotations:
D:3 Grinder


Innate Abilities, Weirdness & Mutations

Your experience applies equally to all skills.
You have very sharp teeth.
Your uncanny sense of smell can sniff out nearby items.
You are partially covered in thin metallic scales. (AC +2)
Your spells are a little harder to cast, but a little more powerful.


Message History

an orc corpse
Casting: Sticky Flame (quite dangerous; 34% risk of failure)
Confirm with . or Enter, or press ? or * to list all spells.
Aiming: Sticky Flame (quite dangerous; 34% risk of failure)
Press: ? - help, Shift-Dir - straight line, f - orc priest
Aim: an orc priest, wielding a +0 trident and wearing a +0 ring mail The sticky flame hits the orc priest but does no damage.
The orc priest is covered in liquid flames!
You are feeling hungry.
The orc priest burns!
The orc priest mumbles some strange prayers to Beogh against you.
Beogh smites you!
* * * LOW HITPOINT WARNING * * *
The orc misses you.
You barely miss the orc priest.
The orc priest is lightly wounded.
The orc priest burns!
The orc priest misses you. The orc barely misses you.
The orc priest calls down the wrath of Beogh upon you.
Beogh smites you!
You die...

#... ∆ ∆∆#... #... ####
##############.#.
#.......#...<..#.
#+#####.......#......#.
#.....o......##..##).#.
#....o@......##..##.)#.
#....##............).'.
#... #..##..........#.
#.. #..###########+#.
#. ....# ...... #
.....# ...... ......+
∆...... ####..# ∆......
......


You could see an orc priest (burning) and an orc.

Vanquished Creatures
  An ice beast (D:4)
  2 orc wizards (D:4)
  Crazy Yiuf (D:2)
  Jessica (D:2)
  Ijyb (D:3)
  Terence (D:2)
  A worker ant (D:4)
  A hound skeleton (D:4)
  3 adders
  An ooze (D:2)
  A worm (D:2)
  A dart slug (D:1)
  2 leopard geckos
  5 orcs (D:4)
  A ball python (D:4)
  6 giant cockroaches
  5 goblins
  5 hobgoblins
  2 jackals (D:3)
  A quokka (D:4)
  5 bats
  8 frilled lizards
  6 kobolds
  4 rats
  A fungus (D:2)
66 creatures vanquished.

Vanquished Creatures (others)
  5 toadstools (D:1)
5 creatures vanquished.

Grand Total: 71 creatures vanquished

Notes
Turn   | Place    | Note
-------+----------+-------------------------------------------
     0 | D:1      | robertstho the Gnoll Fire Elementalist began the quest for
                  | the Orb.
     0 | D:1      | Reached XP level 1. HP: 13/13 MP: 6/6
   178 | D:1      | Reached XP level 2. HP: 17/19 MP: 3/7
   795 | D:2      | Reached XP level 3. HP: 25/25 MP: 9/9
   802 | D:2      | Learned a level 2 spell: Throw Flame
   806 | D:2      | Learned a level 3 spell: Conjure Flame
   923 | D:2      | Reached skill level 5 in Spellcasting
   925 | D:2      | Noticed Terence
   960 | D:2      | HP: 1/37 [Terence/+4 flail of protection (5)]
   965 | D:2      | HP: 1/37 [Terence/+4 flail of protection (1)]
   967 | D:2      | Killed Terence
   967 | D:2      | Reached skill level 1 in Fighting
   967 | D:2      | Reached skill level 1 in Short Blades
   967 | D:2      | Reached skill level 1 in Long Blades
   967 | D:2      | Reached skill level 1 in Axes
   967 | D:2      | Reached skill level 1 in Maces & Flails
   967 | D:2      | Reached skill level 1 in Polearms
   967 | D:2      | Reached skill level 1 in Staves
   967 | D:2      | Reached skill level 1 in Slings
   967 | D:2      | Reached skill level 1 in Bows
   967 | D:2      | Reached skill level 1 in Crossbows
   967 | D:2      | Reached skill level 1 in Throwing
   967 | D:2      | Reached skill level 1 in Armour
   967 | D:2      | Reached skill level 1 in Shields
   967 | D:2      | Reached skill level 1 in Unarmed Combat
   967 | D:2      | Reached skill level 1 in Invocations
   967 | D:2      | Reached skill level 1 in Evocations
  1342 | D:2      | Reached XP level 4. HP: 32/32 MP: 11/11
  1461 | D:2      | Noticed Jessica
  1467 | D:2      | Killed Jessica
  1683 | D:2      | Found a runed translucent door.
  1684 | D:2      | Noticed Crazy Yiuf
  1693 | D:2      | Killed Crazy Yiuf
  1693 | D:2      | Reached skill level 1 in Hexes
  1693 | D:2      | Reached skill level 1 in Charms
  1693 | D:2      | Reached skill level 1 in Summonings
  1693 | D:2      | Reached skill level 1 in Necromancy
  1693 | D:2      | Reached skill level 1 in Translocations
  1693 | D:2      | Reached skill level 1 in Transmutations
  1693 | D:2      | Reached skill level 1 in Ice Magic
  1693 | D:2      | Reached skill level 1 in Air Magic
  1693 | D:2      | Reached skill level 1 in Earth Magic
  1693 | D:2      | Reached skill level 1 in Poison Magic
  1693 | D:2      | Reached XP level 5. HP: 37/37 MP: 0/12
  1958 | D:3      | Noticed Grinder
  1970 | D:3      | Gained mutation: You are partially covered in thin metallic
                  | scales. (AC +2) [potion of mutation]
  1970 | D:3      | Gained mutation: Your spells are a little harder to cast,
                  | but a little more powerful. [potion of mutation]
  1984 | D:3      | Paralysed by Grinder for 4 turns
  1989 | D:3      | Paralysed by Grinder for 4 turns
  2206 | D:2      | Learned a level 4 spell: Sticky Flame
  2380 | D:3      | Noticed Ijyb
  2393 | D:3      | Killed Ijyb
  2914 | D:4      | Reached XP level 6. HP: 39/44 MP: 13/13
  2968 | D:4      | Noticed an ice beast
  2974 | D:4      | Killed an ice beast
  2974 | D:4      | Reached skill level 5 in Dodging
  3054 | D:4      | Found Ceiv's Food Shop.
  3211 | D:4      | Killed from afar by an orc priest

Levels and vault maps discovered:
D:1:      ldierk_walled_garden, layout_rooms, glass_columns_a
D:2:      layout_loops_corners, minmay_goblin_kobold_house,
          uniq_crazy_yiuf_cottage, uniq_jessica, uniq_terence
D:3:      layout_loops_ring, uniq_ijyb, uniq_grinder
D:4:      layout_gridville, serial_shops, shop, first_ration, minmay_unequal

Skill      XL: |  1  2  3  4  5  6 |
---------------+-------------------+-----
Conjurations   | 2 |  2.7
Spellcasting   | 5 |  5.4
Fighting       | 1 2 |  2.0
Short Blades   | 1 2 |  2.0
Long Blades    | 1 2 |  2.0
Axes           | 1 2 |  2.0
Maces & Flails | 1 2 |  2.0
Polearms       | 1 2 |  2.0
Staves         | 1 2 |  2.0
Slings         | 1 2 |  2.0
Bows           | 1 2 |  2.0
Crossbows      | 1 2 |  2.0
Throwing       | 1 2 |  2.0
Armour         | 1 2 |  2.0
Shields        | 1 2 |  2.0
Unarmed Combat | 1 2 |  2.0
Invocations    | 1 2 |  2.2
Evocations     | 1 2 |  2.0
Hexes          | 1 |  1.6
Charms         | 1 |  1.6
Summonings     | 1 |  1.6
Necromancy     | 1 |  1.6
Translocations | 1 |  1.6
Transmutations | 1 |  1.6
Ice Magic      | 1 |  1.6
Air Magic      | 1 |  1.6
Earth Magic    | 1 |  1.6
Poison Magic   | 1 |  1.6
Dodging        | 5 |  5.0
Stealth        | |  4.6
Fire Magic     | |  5.7

Action                   |  1- 3 |  4- 6 || total
-------------------------+-------+-------++-------
Melee: Hand axe          |    68 |       ||    68
       Bite              |     5 |    10 ||    15
       Flail             |    11 |   102 ||   113
 Cast: Flame Tongue      |    28 |    13 ||    41
       Conjure Flame     |       |     3 ||     3
       Throw Flame       |       |     1 ||     1
       Sticky Flame      |       |     4 ||     4
  Use: Potion            |     3 |     2 ||     5
 Stab: Sleeping          |     7 |     6 ||    13
       Distracted        |       |     1 ||     1
  Eat: Chunk             |       |     8 ||     8
Armor: Leather armour    |    14 |    39 ||    53
       Skin              |    12 |       ||    12
Dodge: Dodged            |    69 |    93 ||   162

Table legend:
 A = Non-vault XP
 B = Vault XP
 C = Vault XP percentage of total XP
 D = Non-vault monster count
 E = Vault monster count
 F = Vault count percentage of total count
                 A         B        C        D         E       F
            +---------+---------+-------+---------+---------+-------
      Total |     235 |     305 |  56.5 |      56 |       9 |  13.8
            +---------+---------+-------+---------+---------+-------
        D:1 |      24 |       0 |   0.0 |      15 |       0 |   0.0
        D:2 |      32 |     113 |  77.9 |      14 |       4 |  22.2
        D:3 |      51 |      36 |  41.4 |      16 |       1 |   5.9
        D:4 |     128 |     156 |  54.9 |      11 |       4 |  26.7
            +---------+---------+-------+---------+---------+-------
